 Dungeon Crawl Stone Soup version 0.27-a0-828-g8289197e94 (webtiles) character file.

Game seed: 9391595320805769606

5479 polve the Transmogrifier (level 10, -2/105 HPs)
             Began as a Grey Draconian Transmuter on Mar 30, 2021.
             Slain by an orc warrior
             ... wielding a +0 halberd
              (12 damage)
             ... on level 9 of the Dungeon.
             The game lasted 00:23:14 (16725 turns).

polve the Transmogrifier (DrTm)                    Turns: 16725, Time: 00:23:15

Health: -2/105     AC:  8    Str: 12    XL:     10   Next: 42%
Magic:  13/13      EV:  8    Int: 16    God:
Gold:   1111       SH:  0    Dex: 13    Spells: 3/13 levels left

rFire    . . .     SeeInvis .     - Unarmed
rCold    . . .     Faith    .   (shield currently unavailable)
rNeg     . . .     Spirit   .   (armour unavailable)
rPois    +         Reflect  .   (helmet currently unavailable)
rElec    .         Harm     .   (cloak currently unavailable)
rCorr    .         Rampage  .   (gloves currently unavailable)
Will     .....                  (boots currently unavailable)
Stlth    +.........             i - amulet of the acrobat
HPRegen  0.27/turn              e - ring of wizardry
MPRegen  0.13/turn              (no ring)

@: hydra-form
A: fast swimmer, devour, amphibious, boosted hp, AC +12, very large, unfitting
armour, (unbreathing 2), (cold-blooded)
a: End Transformation


You were on level 9 of the Dungeon.
You were a five-headed hydra.
You visited 2 branches of the dungeon, and saw 10 of its levels.
You also visited: Ossuary.

You collected 1111 gold pieces.

Inventory:

Hand Weapons
 j - a +0 dagger of venom
Armour
 c - a +0 cloak (melded)
 l - a +0 pair of boots (melded)
Jewellery
 e - a ring of wizardry (left foreclaw)
 i - an amulet of the acrobat (around neck)
 n - a +4 ring of protection
Wands
 a - a wand of acid (6)
 b - a wand of mindburst (8)
 o - a wand of random effects (17)
 w - a wand of flame (5)
Scrolls
 d - 7 scrolls of identify {unknown}
 f - 2 scrolls of magic mapping {unknown}
 k - 10 scrolls of teleportation {unknown}
 m - 2 scrolls of vulnerability {unknown}
 p - a scroll of noise {unknown}
 q - a scroll of enchant armour {unknown}
 s - a scroll of immolation {unknown}
 t - a scroll of fog {unknown}
 x - a scroll of amnesia {unknown}
 y - a scroll of acquirement {unknown}
Potions
 g - 2 potions of haste
 h - a potion of heal wounds {unknown}
 r - a potion of magic {unknown}
 u - 2 potions of flight {unknown}
 v - a potion of invisibility {unknown}
 z - 4 potions of lignification {unknown}
 A - 2 potions of might {unknown}
 B - 3 potions of brilliance
 C - a potion of attraction {unknown}
 D - a potion of berserk rage {unknown}


   Skills:
 * Level 5.4 Fighting
 - Level 1.7 Dodging
 - Level 3.0 Unarmed Combat
 - Level 2.0 Spellcasting
 - Level 3.0 Translocations
 + Level 13.9 Transmutations


You had 3 spell levels left.
You knew the following spells:

 Your Spells              Type           Power      Damage    Failure   Level
a - Beastly Appendage     Tmut           92%        N/A       1%          1
b - Blink                 Tloc           N/A        N/A       3%          2
c - Wereblood             Tmut           46%        N/A       1%          2
d - Hydra Form            Tmut           23%        N/A       1%          5

Your spell library contained the following spells:

 Spells                   Type           Power      Damage    Failure   Level
 Spider Form              Tmut/Pois      11%        N/A       1%          3
 Magic Dart               Conj           4%         1d3       9%          1
 Call Imp                 Summ           1%         N/A       12%         2
 Searing Ray              Conj           2%         3d3       12%         2
 Slow                     Hex            1%         N/A       12%         2
 Conjure Flame            Conj/Fire      1%         6-21      24%         3
 Dazzling Flash           Conj/Hex       2%         N/A       24%         3
 Mephitic Cloud           Conj/Pois/Air  1%         N/A       24%         3
 Ice Form                 Ice/Tmut       23%        N/A       4%          4
 Iskenderun's Mystic Bla  Conj/Tloc      6%         2d4       38%         4
 Fulminant Prism          Conj/Hex       0%         3d6       58%         4


Dungeon Overview and Level Annotations

Branches:
Dungeon (9/15)             Temple (1/1) D:7         Ossuary (visited)
   Lair: D:8-11         Orc: D:9-12

Altars:
Ashenzari
Cheibriados
Dithmenos
Elyvilon
Fedhas
Gozag
Hepliaklqana
Kikubaaqudgha
Makhleb
Nemelex Xobeh
Okawaru
Qazlal
Ru
Sif Muna
Trog
Uskayaw
Vehumet
Wu Jian
Xom
Yredelemnul
Zin
The Shining One
Lugonu

Annotations:
D:6 2 runed translucent doors, Lanoc's ghost, novice DjGl
D:7 1 runed translucent door, Fess's ghost, novice DjAE
D:9 Erica; Grum; Harold


Innate Abilities, Weirdness & Mutations

You are a five-headed hydra.
You swim very quickly.
You can devour living enemies to heal.
You are amphibious.
Your maximum health is greatly increased.
Your armour is entirely melded.
You are incapable of wielding weapons or throwing items.
((Your dull iron-grey scales are very hard. (AC +12)))
You cannot fit into any form of body armour.
((You can survive without breathing, even under water.))
((You are cold-blooded and may be slowed by cold attacks.))


Message History

The orc warrior hits you from afar with a +0 halberd!
The wolf closely misses you. The wolf bites you.
You barely miss the wolf.
The wolf is moderately wounded.
You closely miss the wolf. The wolf bites you but does no damage.
The wolf barely misses you.
The orc warrior hits you from afar with a +0 halberd!
* * * LOW HITPOINT WARNING * * *
The wolf barely misses you.
An orc comes into view. It is wielding a +0 war axe.
You barely miss the wolf.
The wolf is moderately wounded.
The orc shouts!
You bite the wolf!
You devour the wolf!
You feel better.
You kill the wolf!
The wolf bites you.
* * * LOW HITPOINT WARNING * * *
The orc warrior barely misses you.
You nip at the wolf.
The wolf is moderately wounded.
The wolf bites you!
* * * LOW HITPOINT WARNING * * *
The orc warrior hits you from afar with a +0 halberd.
* * * LOW HITPOINT WARNING * * *
Grum asks, "What kind of bones do Draconians have?
My dogs are dying to find out."
The wolf bites you but does no damage.
You bite the wolf!
The wolf is almost dead.
The wolf completely misses you.
The orc warrior hits you from afar with a +0 halberd.
* * * LOW HITPOINT WARNING * * *
You nip at the wolf.
You devour the wolf!
You feel better.
You kill the wolf!
The orc warrior hits you from afar with a +0 halberd!
* * * LOW HITPOINT WARNING * * *
The orc warrior completely misses you.
Grum sniffs the air and quickly glances around.
There is a stone staircase leading up here.
The orc warrior hits you from afar with a +0 halberd!
You die...

#.#.###...#
#g#.......#
#.#.####..#
#########
#o#.......#
#.......#
#.#.#####.#
#.......# #.#.#
#.......####.#.#
#..........o.#.#
#.......D.o....#
#..............#
#..............#
#..............#
#.......########
#........
#........
.......


You could see an orc warrior and an orc.

Vanquished Creatures
  Pikel (D:5)
  A centaur zombie (D:6)
  Maggie (D:6)
  A wyvern (D:8)
  5 yaks
  A steam dragon (D:8)
  Edmund (D:5)
  A water moccasin (D:8)
  2 orc warriors (D:7)
  A sky beast (D:6)
  An ice beast (D:7)
  2 ogres
  2 wolves (D:9)
  A centaur (D:5)
  2 phantoms
  2 lemures
  2 kobold brigands
  4 bullfrogs
  A gnoll sergeant (D:7)
  A scorpion (D:5)
  A water moccasin zombie (D:5)
  A wyvern skeleton (D:6)
  7 killer bees (D:8)
  A wight (D:7)
  A howler monkey (D:7)
  A bullfrog zombie (D:6)
  7 orc priests
  A gnoll shaman (D:6)
  A centaur skeleton (D:7)
  5 hounds
  2 jellies
  A bullfrog skeleton (D:5)
  5 iguanas
  4 orc wizards
  Natasha (D:2)
  A hound skeleton (D:4)
  8 mummies (Ossuary)
  A howler monkey zombie (D:9)
  Robin (D:2)
  6 adders
  11 gnolls
  An adder skeleton (D:5)
  A worm (D:2)
  2 dart slugs (D:1)
  42 orcs
  7 ball pythons
  7 endoplasms
  2 giant cockroaches
  15 goblins
  9 hobgoblins
  9 jackals
  3 quokkas
  3 bats
  5 frilled lizards
  A hobgoblin zombie (Ossuary)
  11 kobolds
  5 kobold zombies (Ossuary)
  2 orc zombies (Ossuary)
  12 rats
237 creatures vanquished.

Vanquished Creatures (others)
  A gnoll (D:6)
  2 withered plants (D:7)
3 creatures vanquished.

Grand Total: 240 creatures vanquished

Notes
Turn   | Place    | Note
-------+----------+-------------------------------------------
     0 | D:1      | polve the Draconian Transmuter began the quest for the Orb.
     0 | D:1      | Reached XP level 1. HP: 16/16 MP: 3/3
    86 | D:1      | Reached XP level 2. HP: 10/23 MP: 5/5
   278 | D:1      | Learned a level 2 spell: Blink
   384 | D:1      | Reached skill level 3 in Transmutations
   809 | D:1      | Reached skill level 1 in Translocations
   985 | D:1      | Reached XP level 3. HP: 28/28 MP: 6/6
  1234 | D:2      | Noticed Robin
  1792 | D:2      | Killed Robin
  1793 | D:2      | Reached XP level 4. HP: 29/35 MP: 7/7
  2935 | D:2      | Reached skill level 4 in Transmutations
  3003 | D:2      | Noticed Natasha
  3011 | D:2      | Killed Natasha
  3092 | D:2      | Found an opulent altar of Gozag.
  3337 | D:3      | Reached XP level 5. HP: 38/40 MP: 8/8
  4028 | D:4      | Found an iron altar of Okawaru.
  4109 | D:4      | HP: 1/40 [hobgoblin/+0 scythe (13)]
  5335 | D:4      | Found a glowing golden altar of the Shining One.
  5355 | D:4      | Reached skill level 5 in Transmutations
  5693 | D:4      | Found a basalt altar of Yredelemnul.
  5922 | D:4      | Reached XP level 6. HP: 10/47 MP: 9/9
  6222 | D:4      | Found an ornate altar of the Wu Jian Council.
  6557 | D:5      | Entered Level 5 of the Dungeon
  6668 | D:5      | Reached skill level 6 in Transmutations
  7010 | D:5      | Found a shimmering altar of Xom.
  7065 | D:5      | Reached skill level 7 in Transmutations
  7065 | D:5      | Your scales start taking on a dull iron-grey colour.
  7065 | D:5      | Reached XP level 7. HP: 33/52 MP: 10/10
  7065 | D:5      | Gained mutation: You can survive without breathing. [Grey
                  | Draconian growth]
  7065 | D:5      | Gained mutation: You can survive without breathing, even
                  | under water. [Grey Draconian growth]
  7825 | D:5      | Reached skill level 8 in Transmutations
  7834 | D:5      | Learned a level 2 spell: Wereblood
  7840 | D:5      | Learned a level 5 spell: Hydra Form
  8093 | D:6      | Noticed Edmund
  8494 | D:5      | Killed Edmund
  9163 | D:6      | Reached XP level 8. HP: 42/59 MP: 9/11
  9170 | D:6      | Reached skill level 9 in Transmutations
  9430 | D:6      | Noticed Maggie
  9470 | D:6      | Found a large runed translucent door.
  9470 | D:6      | Found a large runed translucent door.
  9479 | D:5      | HP: 1/76 [gnoll/+0 spear (10)]
 10387 | D:6      | Reached skill level 10 in Transmutations
 10438 | D:6      | Noticed Pikel
 10635 | D:5      | Killed Pikel
 10636 | D:5      | Reached skill level 11 in Transmutations
 10636 | D:5      | Reached XP level 9. HP: 36/64 MP: 5/12
 10844 | D:6      | Killed Maggie
 11088 | D:6      | Noticed Lanoc's ghost (novice DjGl)
 11341 | D:6      | Found a sparkling altar of Nemelex Xobeh.
 11364 | D:6      | Reached skill level 12 in Transmutations
 11639 | D:6      | Found a hazy altar of Hepliaklqana.
 11639 | D:6      | Found a glowing silver altar of Zin.
 11639 | D:6      | Found a broken altar of Ashenzari.
 11646 | D:6      | Found an ancient bone altar of Kikubaaqudgha.
 11649 | D:6      | Found a shadowy altar of Dithmenos.
 11691 | D:6      | Found a bloodstained altar of Trog.
 11896 | D:7      | Found a runed translucent door.
 11898 | D:7      | Noticed Fess's ghost (novice DjAE)
 12117 | D:7      | Found a staircase to the Ecumenical Temple.
 12456 | D:7      | Found a sand-covered staircase.
 12465 | Ossuary  | Entered an ossuary
 13240 | D:7      | Reached skill level 13 in Transmutations
 13981 | D:7      | Reached XP level 10. HP: 71/71 MP: 7/13
 15198 | D:7      | HP: 5/101 [yak (13)]
 15545 | Temple   | Entered the Ecumenical Temple
 15760 | D:8      | Reached skill level 5 in Fighting
 16090 | D:9      | Noticed Erica
 16173 | D:9      | Noticed Harold
 16677 | D:9      | Noticed Grum
 16725 | D:9      | Slain by an orc warrior

Illustrated notes

Levels and vault maps discovered:
D:1:      moated_graveyard_arrival, layout_basic, minmay_split_cup_large
D:2:      minmay_chambers_of_ones, layout_basic,
          nicolae_gozag_cash_rules_everything_around_me, uniq_robin,
          uniq_natasha
D:3:      layout_basic, minmay_misc_feat_doors
D:4:      layout_rooms, yredelemnul_altar_generic, old_standard_altar,
          okawaru_metal_pillars_1_2, overflow_temple_1_default,
          hangedman_decor_clover_reticule, sigmund_army
D:5:      layout_basic, old_standard_altar
D:6:      layout_cave_pools, minmay_overflow_temple_hex, lightli_temple_of_fire,
          ebering_ghost_disaster_area, uniq_maggie, uniq_edmund, uniq_pikel
D:7:      minmay_polygon_palace, layout_basic,
          minmay_temple_entry_statues_pillars, gammafunk_ghost_grave,
          nicolae_ossuary_entry_monument, lemuel_statue_altar
D:8:      layout_basic
D:9:      layout_basic, uniq_erica, uniq_harold, uniq_grum
Temple:   corrupted_temple

Skill      XL: |  1  2  3  4  5  6  7  8  9 10 |
---------------+-------------------------------+-----
Transmutations | 3 4 5 7 8 11 13 | 13.9
Translocations | 1 2 3 |  3.0
Fighting       | 5 |  5.4
Dodging        | |  1.7
Unarmed Combat | |  3.0
Spellcasting   | |  2.0

Action                   |  1- 3 |  4- 6 |  7- 9 | 10-12 || total
-------------------------+-------+-------+-------+-------++-------
Melee: Unarmed           |   141 |   269 |   422 |   138 ||   970
       Tailslap          |    13 |    19 |    14 |     1 ||    47
       Headbutt          |     6 |    29 |    21 |       ||    56
       Kick              |     6 |    42 |    27 |       ||    75
       Punch             |       |     3 |     1 |       ||     4
       Dagger            |       |     8 |       |       ||     8
 Cast: Beastly Appendage |    13 |    40 |    14 |       ||    67
       Blink             |       |     1 |     4 |       ||     5
       Hydra Form        |       |       |    30 |    14 ||    44
       Wereblood         |       |       |     1 |       ||     1
Evoke: Wand              |       |       |     5 |       ||     5
  Use: Potion            |       |       |     7 |     2 ||     9
 Stab: Sleeping          |     1 |     3 |       |       ||     4
       Paralysed         |       |       |     8 |       ||     8
Armor: Skin              |    41 |    85 |   148 |    51 ||   325
Dodge: Dodged            |    93 |   166 |   193 |    92 ||   544

Table legend: (Time is in decaauts)
 A = Elapsed time spent in this place.
 B = Non-inter-level travel time spent in this place.
 C = Inter-level travel time spent in this place.
 D = Time resting spent in this place.
 E = Time spent auto-exploring this place.
 F = Levels seen in this place.
 G = Mean time per level.
                   A        B        C        D        E       F      G
               +--------+--------+--------+--------+--------+-----+--------+
         Total |  16692 |  15945 |    747 |     48 |  13442 |  11 | 1517.5 |
       Dungeon |  16145 |  15410 |    735 |     48 |  12986 |   9 | 1793.9 |
        Temple |     47 |     35 |     12 |      0 |     33 |   1 |   47.0 |
       Ossuary |    499 |    499 |      0 |      0 |    423 |   1 |  499.0 |
               +--------+--------+--------+--------+--------+-----+--------+

Top non-repeatable levels by time:
     D:5: 3072 daAuts
     D:7: 2366 daAuts
     D:3: 2084 daAuts
     D:1: 2032 daAuts
     D:4: 1739 daAuts
     D:6: 1606 daAuts
     D:8: 1512 daAuts
     D:2: 1225 daAuts
     D:9: 505 daAuts
 Ossuary: 499 daAuts
  Temple: 47 daAuts
